Map: King Sejong Station LE

Players

Fropez

  • Race: Protoss Protoss
  • League: Gold
  • Spawn Location: 11:00

Kitakazi - Winner!

  • Race: Terran Terran
  • League: Silver
  • Spawn Location: 5:00

VOD

Have the link to the VOD?

Description

Time

  • Played on: Oct. 13, 2016, 7:07 p.m.
  • Length: 20:46
Show
View Real Time Build Order
Export as new Build Order

Fropez Protoss 

Build Orders:  

Get SALT Encoding   

  12  0:01  Probe (Chrono Boost)  
  13  0:14  Pylon  
  13  0:19  Probe (Chrono Boost)  
  14  0:30  Probe (Chrono Boost)  
  14  0:35  Gateway  
  15  0:40  Probe (Chrono Boost)  
  16  0:48  Assimilator  
  16  0:51  Probe (Chrono Boost)  
  17  1:02  Probe (Chrono Boost)  
  18  1:07  Gateway  
  18  1:12  Pylon  
  18  1:15  Probe (Chrono Boost)  
  19  1:30  Cybernetics Core  
  19  1:45  Pylon  
  19  1:51  Assimilator  
  19  2:02  Pylon  
  19  2:04  Pylon  
  19  2:10  Mothership Core (Chrono Boost)  
  19  2:14  Adept x2  
  25  2:21  Warp Gate (Chrono Boost)  
  24  2:55  Nexus  
  24  3:12  Pylon  
  24  3:14  Probe (Chrono Boost)  
  21  3:54  Probe (Chrono Boost)  
  20  4:08  Mothership Core  
  20  4:12  Probe  
  23  4:17  Gateway  
  23  4:18  Gateway  
  23  4:19  Pylon  
  23  4:22  Pylon  
  23  4:38  Stalker x2  
  23  4:42  Probe  
  23  4:43  Probe  
  29  4:54  Pylon  
  29  4:57  Probe x2  
  31  5:15  Twilight Council  
  31  5:16  Pylon  
  31  5:20  Probe  
  31  5:22  Probe  
  33  5:29  Stalker  
  33  5:32  Probe  
  36  5:41  Stalker  
  38  5:50  Stalker  
  38  5:53  Stalker  
  42  6:06  Robotics Facility  
  42  6:11  Stalker  
  42  6:17  Pylon  
  44  6:20  Probe  
  44  6:21  Probe  
  44  6:24  Assimilator  
  46  6:29  Assimilator  
  46  6:30  Probe  
  47  6:33  Probe  
  47  6:39  Resonating Glaives (Chrono Boost)  
  48  6:52  Warp Prism  
  50  6:54  Forge  
  50  6:58  Adept  
  52  7:07  Stalker  
  52  7:08  Stalker  
  56  7:19  Pylon  
  56  7:23  Pylon  
  56  7:29  Observer  
  57  7:31  Adept x3  
  57  7:33  Adept  
  63  7:55  Protoss Ground Weapons Level 1 (Chrono Boost)  
  63  8:02  Adept x2  
  63  8:03  Adept x2  
  63  8:51  Pylon, Dark Shrine  
  63  8:53  Gateway  
  63  8:56  Probe  
  63  8:57  Probe  
  65  9:09  Nexus  
  65  9:11  Assimilator  
  65  9:15  Assimilator  
  65  9:18  Pylon  
  65  9:22  Pylon  
  65  9:25  Pylon  
  65  9:26  Adept x2  
  65  9:27  Adept  
  65  9:28  Adept  
  73  9:46  Gateway  
  73  9:53  Gateway  
  73  9:54  Photon Cannon  
  73  9:55  Photon Cannon, Gateway  
  73  10:01  Gateway  
  73  10:11  Pylon  
  73  10:18  Pylon  
  72  10:22  Gateway  
  67  10:35  Adept  
  67  10:36  Adept x2  
  69  10:59  Adept x5  
  69  11:01  Probe  
  78  11:07  Probe  
  78  11:08  Probe  
  80  11:20  Dark Templar  
  67  12:07  Adept x2  
  67  12:08  Adept x4  
  73  12:09  Adept x2  
  79  12:20  Dark Templar  
  79  12:29  Probe  
  79  12:30  Probe  
  79  12:51  Nexus  
  79  12:53  Pylon  
  71  13:04  Dark Templar x4  
  71  13:05  Dark Templar  
  77  13:34  Dark Templar x4  
  79  14:02  Dark Templar x5  
  65  14:50  Dark Templar x3  
  71  14:53  Probe x2  
  71  14:54  Probe  
  66  15:09  Adept  
  66  15:10  Adept x5  
  77  15:33  Probe x2  
  77  15:35  Probe  
  80  15:37  Assimilator  
  80  15:41  Assimilator  
  80  15:44  Probe x2  
  82  15:56  Dark Templar  
  84  15:57  Zealot x5  
  84  15:58  Zealot x4  
  84  16:03  Nexus  
  92  16:06  Assimilator, Charge (Chrono Boost)  
  92  16:16  Pylon  
  92  16:22  Zealot x5  
  92  16:23  Zealot x4  
  110  16:25  Probe  
  110  16:26  Probe  
  110  16:27  Probe  
  113  16:41  Probe x2  
  113  16:42  Probe  
  113  16:45  Dark Templar x2  
  120  16:50  Observer  
  121  17:02  Zealot x3  
  121  17:03  Zealot x2  
  131  17:11  Observer  
  131  17:14  Probe  
  133  17:16  Probe x2  
  133  17:33  Zealot x4  
  133  17:34  Zealot x2  
  137  18:05  Zealot  
  137  18:06  Zealot x6  
  111  18:47  Nexus  
  111  18:50  Pylon  
  107  19:13  Pylon  
  107  19:16  Pylon  
  92  19:27  Gateway  
  92  19:29  Cybernetics Core  
  92  19:30  Pylon  
  74  19:32  Pylon  
  74  19:33  Pylon  
  38  20:07  Gateway  
  38  20:09  Gateway x2  
  38  20:16  Gateway  
  38  20:17  Gateway  
  38  20:18  Gateway  
  38  20:24  Zealot  
  38  20:28  Gateway  
  40  20:30  Gateway  
Show
View Real Time Build Order
Export as new Build Order

Kitakazi Terran - Winner!

Build Orders: MMM Bio 

Get SALT Encoding   

  12  0:01  SCV  
  13  0:15  SCV  
  14  0:26  Supply Depot  
  14  0:28  SCV  
  15  0:31  Refinery  
  15  0:47  SCV  
  16  0:57  Barracks  
  16  1:03  SCV  
  17  1:21  SCV  
  18  1:37  Barracks  
  18  1:46  Reaper  
  19  1:55  Engineering Bay  
  19  1:57  Barracks  
  19  2:05  Bunker  
  19  2:15  Bunker  
  19  2:18  Marine  
  20  2:31  Marine  
  21  2:44  Orbital Command  
  21  2:57  Marine x2  
  21  2:58  Marine  
  23  3:00  Terran Infantry Weapons Level 1  
  23  3:20  Supply Depot  
  23  3:36  Barracks Tech Lab  
  23  3:39  Barracks Reactor  
  23  3:41  SCV  
  23  3:43  Marine  
  22  3:55  SCV  
  22  3:56  Factory  
  22  3:58  Refinery  
  22  4:02  Barracks Tech Lab  
  23  4:08  SCV  
  24  4:15  Command Center  
  24  4:17  Missile Turret  
  24  4:40  SCV  
  25  4:45  Factory Tech Lab  
  25  4:53  Starport  
  25  4:55  Terran Infantry Armor Level 1  
  25  4:58  SCV  
  26  5:01  Engineering Bay, Combat Shields  
  26  5:06  Marine x3  
  29  5:17  Stimpack  
  29  5:23  SCV  
  30  5:33  Supply Depot  
  30  5:46  Starport Reactor  
  30  5:53  Missile Turret  
  30  6:05  Planetary Fortress  
  30  6:23  Marine x3  
  30  6:24  Marine  
  34  6:26  Siege Tank  
  37  6:40  Refinery  
  37  6:41  Marine, SCV  
  37  6:43  SCV  
  37  6:46  Concussive Shells  
  40  6:49  Medivac  
  40  6:53  SCV  
  43  7:05  Refinery  
  43  7:07  Supply Depot  
  43  7:13  Marine  
  43  7:14  Marine x3  
  47  7:16  Widow Mine, Sensor Tower  
  49  7:27  SCV x2  
  51  7:30  Armory  
  51  7:31  Marine  
  51  7:32  Supply Depot  
  52  7:57  SCV x2  
  54  8:02  Supply Depot  
  54  8:03  Marine x2  
  54  8:04  Marine  
  57  8:13  Command Center  
  57  8:14  Liberator  
  57  8:18  Terran Vehicle And Ship Armor Level 1  
  57  8:22  Factory  
  56  8:30  Medivac  
  61  8:35  Marine  
  61  8:36  Marauder  
  64  8:49  SCV x2  
  64  8:51  Marine  
  64  8:52  Marine  
  68  9:05  Supply Depot, Terran Infantry Weapons Level 2  
  68  9:09  Factory Tech Lab  
  68  9:15  SCV  
  68  9:16  SCV  
  70  10:05  SCV x2  
  72  10:19  Thor x2  
  84  10:23  Terran Infantry Armor Level 2  
  84  10:25  Barracks  
  71  11:07  Marine x4  
  71  11:09  Widow Mine x2  
  71  11:10  Drilling Claws  
  79  11:17  Barracks Tech Lab  
  79  11:24  Marine  
  80  11:38  Thor  
  82  11:47  Planetary Fortress  
  82  11:51  SCV x2, Missile Turret  
  79  12:03  Marine x3, SCV  
  79  12:04  Marauder x2  
  79  12:06  Siege Tank  
  80  12:22  Marauder  
  78  12:25  SCV x3, Marauder  
  78  12:26  Marauder  
  78  12:27  Refinery  
  85  12:30  Missile Turret  
  85  12:35  Marine x2  
  87  12:37  Starport, SCV  
  87  12:42  Marine  
  84  13:06  Marine x5  
  84  13:09  Supply Depot  
  84  13:12  Thor  
  95  13:18  Starport Tech Lab  
  95  13:31  Orbital Command  
  95  13:37  Raven, Starport Tech Lab  
  89  14:10  Raven  
  89  14:12  Command Center  
  88  14:19  Missile Turret  
  80  14:33  Starport Tech Lab  
  80  14:45  Marine x2  
  80  14:46  Marine x3  
  85  14:57  Supply Depot  
  85  15:03  Hellion  
  86  15:19  Marine, Raven, Marauder x2  
  93  15:24  Hellion, Refinery, Marauder  
  93  15:26  Marine  
  98  15:29  SCV x2  
  98  15:31  Thor  
  106  15:37  Marine  
  106  15:38  Command Center  
  106  15:40  Marine x2  
  109  15:43  Orbital Command  
  109  15:57  Marine x2  
  109  15:59  Medivac  
  108  16:05  Terran Vehicle Weapons Level 1  
  108  16:23  Marine  
  109  16:32  Supply Depot x2  
  109  16:35  Marine x4  
  113  16:41  SCV  
  113  16:43  SCV x2  
  116  16:49  Orbital Command  
  116  16:52  Missile Turret  
  116  16:54  Marine x3  
  119  17:05  Medivac  
  119  17:06  Raven  
  119  17:08  Marauder  
  125  17:19  Orbital Command  
  125  17:24  Supply Depot  
  125  17:26  SCV  
  126  17:38  SCV  
  124  17:59  Terran Vehicle And Ship Armor Level 2  
  124  18:00  SCV  
  124  18:04  Marine x2  
  124  18:05  Marine x3  
  130  18:06  Thor x2  
  130  18:12  SCV  
  134  18:22  Marine  
  134  18:25  Marine x2  
  134  18:26  Marine x2  
  121  18:46  Marine  
  121  18:47  Marine x4  
  124  18:49  Raven, Medivac  
  111  19:04  Marine x3  
  100  19:36  Marine  
  100  19:37  Marine  
  93  20:07  Supply Depot  
Tags
 
Composition
MMM Bio
Matchup
PvT
Replay Pack
All Mines
Spawn Locations
Cross Positions
Add a new tag
Caveats
  • Supply blocks, unpowered buildings, or Contaminate may cause inaccurate times.
  • Supply counts are checked every 10 seconds.